 Dungeon Crawl Stone Soup version 0.30-a0-557-ge2afbf3030 (webtiles) character file.

Game seed: 15293542724066053711

74685 demibob the Brawler (level 15, -9/208 HPs)
             Began as a Troll Wanderer on Dec 27, 2022.
             Was a Follower of Uskayaw.
             Mangled by Agnes
             ... wielding a +6 vampiric lajatang
              (19 damage)
             ... on level 14 of the Dungeon.
             The game lasted 00:47:04 (22454 turns).

demibob the Brawler (Troll Wanderer)               Turns: 22454, Time: 00:47:04

Health: -9/208     AC: 14    Str: 24    XL:     15   Next: 7%
Magic:  30/30      EV:  8    Int: 20    God:    Uskayaw [*.....]
Gold:   3492       SH: 13    Dex: 22    Spells: 17/23 levels left

rFire   + . .      SeeInvis .      - Unarmed
rCold   + + .      Faith    .    c - +1 kite shield
rNeg    . . .      Spirit   .    K - +0 acid dragon scales
rPois   +          Reflect  .    E - +2 hat
rElec   .          Harm     .    F - +2 cloak {rCorr}
rCorr   +          Rampage  .    (gloves unavailable)
Will    +....                    (boots unavailable) Stlth
                                 A - amulet of Syugaw {Acrobat rF+ rC+ Dex+3}
HPRegen 1.34/turn                J - ring "Ditef" {rC++ MP+9 Int+6}
MPRegen 0.22/turn                G - ring "Unuimuhe" {+Blink rPois rC- Int+4 Dex+6 Slay+5}

@: berserking, hasted, very quick
A: large, unfitting armour, claws 3, regeneration 1, shaggy fur 1, tough skin 1
a: Renounce Religion, Evoke Blink, Stomp


You were on level 14 of the Dungeon.
You worshipped Uskayaw.
Uskayaw was noncommittal.
You visited 4 branches of the dungeon, and saw 22 of its levels.
You also visited: Sewer and Gauntlet.

You collected 3800 gold pieces.
You spent 308 gold pieces at shops.


Innate Abilities, Weirdness & Mutations

You are too large for most types of armour.
You have claws for hands.
Your natural rate of healing is unusually fast.
You are covered in fur. (AC +1)
You have tough skin. (AC +1)


   Skills:
 + Level 6.7 Fighting
 - Level 3.6 Throwing
 + Level 3.9 Armour
 - Level 1.2 Dodging
 - Level 9.0 Shields
 - Level 20.1 Unarmed Combat
 - Level 4.9 Spellcasting
 - Level 9.2 Hexes
 - Level 1.0 Summonings


You had 17 spell levels left.
You knew the following spells:

 Your Spells              Type           Power      Damage    Failure   Level
c - Confusing Touch       Hex            41%        N/A       1%          3
e - Ensorcelled Hibernat  Hex/Ice        46%        N/A       6%          2
z - Summon Small Mammal   Summ           32%        N/A       19%         1

Your spell library contained the following spells:

 Spells                   Type           Power      Damage    Failure   Level
 Tukima's Dance           Hex            41%        N/A       1%          3
 Dazzling Flash           Conj/Hex       46%        N/A       12%         3
 Apportation              Tloc           8%         N/A       28%         1
 Freeze                   Ice            16%        1d4       28%         1
 Kiss of Death            Conj/Necr      16%        2d6       28%         1
 Magic Dart               Conj           16%        1d3       28%         1
 Call Imp                 Summ           8%         N/A       28%         2
 Blink                    Tloc           8%         N/A       38%         2
 Cigotuvi's Dreadful Rot  Necr/Pois/Air  8%         N/A       38%         2
 Momentum Strike          Conj/Tloc      8%         3d8       38%         2
 Poisonous Vapours        Pois/Air       8%         N/A       38%         2
 Anguish                  Hex/Necr       11%        N/A       38%         4
 Call Canine Familiar     Summ           8%         N/A       50%         3
 Frozen Ramparts          Ice            8%         1d2       63%         3
 Hailstorm                Conj/Ice       4%         3d4       63%         3
 Lesser Beckoning         Tloc           8%         N/A       63%         3
 Mephitic Cloud           Conj/Pois/Air  4%         N/A       63%         3
 Spider Form              Tmut/Pois      4%         N/A       63%         3
 Summon Mana Viper        Hex/Summ       25%        N/A       67%         5
 Silence                  Hex/Air        11%        N/A       75%         5
 Yara's Violent Unravell  Hex/Tmut       11%        3d6       75%         5
 Dispel Undead            Necr           4%         3d7       95%         4
 Iskenderun's Mystic Bla  Conj/Tloc      4%         2d3       95%         4
 Passage of Golubria      Tloc           4%         N/A       95%         4
 Summon Forest            Summ/Tloc      3%         N/A       99%         5
 Enfeeble                 Hex            20%        N/A       99%         7
 Alistair's Intoxication  Tmut/Pois      2%         N/A       100%        5
 Starburst                Conj/Fire      2%         6d3       100%        6
 Summon Cactus Giant      Summ           4%         N/A       100%        6
 Lehudib's Crystal Spear  Conj/Erth      2%         10d2      100%        8

Inventory:

Hand Weapons
 a - a +2 dagger of chaos
Missiles
 b - 8 curare-tipped darts {=f}
 j - 16 poisoned darts (quivered)
 v - 6 throwing nets {=f}
 x - 4 atropa-tipped darts
Armour
 c - a +1 kite shield (worn)
 E - a +2 hat (worn)
 F - a +2 cloak of preservation (worn)
 K - +0 acid dragon scales (worn)
Jewellery
 e - the amulet "Daatyetrit" {Faith Int+9}
   (You found it on level 13 of the Dungeon)

   [amulet of faith]

   It allows you to gain divine favour quickly.
   Int:       It affects your intelligence (+9).
 s - the ring "Tedimmol" {Contam rF+ Str+6 Int+3 Dex+2 Stlth+}
   (You found it on level 12 of the Dungeon)

   [ring of strength]

   Str:       It affects your strength (+6).
   Int:       It affects your intelligence (+3).
   Dex:       It affects your dexterity (+2).
   rF:        It protects you from fire.
   Contam:    It causes magical contamination when unequipped.
   Stlth:     It makes you more stealthy.
 u - an amulet of regeneration
 A - the amulet of Syugaw (around neck) {Acrobat rF+ rC+ Dex+3}
   (You acquired it on level 11 of the Dungeon)

   [amulet of the acrobat]

   It increases your evasion while moving and waiting.
   Dex:       It affects your dexterity (+3).
   rF:        It protects you from fire.
   rC:        It protects you from cold.
 G - the ring "Unuimuhe" (right claw) {+Blink rPois rC- Int+4 Dex+6 Slay+5}
   (You found it on level 12 of the Dungeon)

   [ring of dexterity]

   Int:       It affects your intelligence (+4).
   Dex:       It affects your dexterity (+6).
   Slay:      It affects your accuracy & damage with ranged weapons and melee
   (+5).
   rC:        It makes you vulnerable to cold.
   rPois:     It protects you from poison.
   +Blink:    It lets you blink.
 I - a +6 ring of intelligence
 J - the ring "Ditef" (left claw) {rC++ MP+9 Int+6}
   (You took it off a minotaur in a Gauntlet)

   [ring of intelligence]

   Int:       It affects your intelligence (+6).
   rC:        It greatly protects you from cold.
   MP:        It affects your magic capacity (+9).
 M - a ring of magical power
 N - a ring of positive energy
 P - an amulet of guardian spirit
 Z - a ring of wizardry
Wands
 g - a wand of mindburst (16)
 n - a wand of flame (34)
 w - a wand of iceblast (1)
 y - a wand of acid (9)
 z - a wand of paralysis (3)
 Q - a wand of polymorph (5)
Scrolls
 d - 7 scrolls of teleportation {@r2}
 f - 3 scrolls of fog
 l - 5 scrolls of magic mapping
 q - 7 scrolls of identify {@r1}
 W - 2 scrolls of enchant armour
Potions
 h - 3 potions of ambrosia
 i - 2 potions of haste {@q3}
 k - 3 potions of cancellation
 m - 2 potions of mutation
 o - 6 potions of magic
 p - 8 potions of flight
 r - 3 potions of lignification
 B - 5 potions of berserk rage {!q}
 H - 2 potions of resistance
 L - 5 potions of might
 R - a potion of attraction
Miscellaneous
 T - a box of beasts
 U - a phantom mirror (inert)

Dungeon Overview and Level Annotations

Branches:
Dungeon (14/15)            Temple (1/1) D:4            Lair (5/5) D:9
  Swamp (0/4) Lair:3        Snake (0/4) Lair:2        Slime (0/5) Lair:4
    Orc (2/2) D:12            Elf (0/3) Orc:2         Sewer (visited)
Gauntlet (visited)
 Vaults: D:13-14

Altars:
Ashenzari
Cheibriados
Dithmenos
Elyvilon
Fedhas
Gozag
Hepliaklqana
Kikubaaqudgha
Makhleb
Nemelex Xobeh
Okawaru
Qazlal
Ru
Sif Muna
Trog
Uskayaw
Vehumet
Wu Jian
Xom
Yredelemnul
Zin
The Shining One
Jiyva

Shops:
D:7 [   D:10 (   D:12 :   Orc:2 (?=[*

Annotations:
D:11 exclusion: ice statue
D:14 Agnes

#.....#....#..#
#.....#☼§§§#..#
#.....#§§☼☼#..#
#.....#.§§§#..#
+.....☼§§§§#..# .
####..#§§§§#..#
..########..#i§§☼#..#
............#i☼§§#..#
............#@§☼§#..#
............#§☼☼§#..#
#...###.##..#§§§☼#..# #
#>#####§§§§#..#
#.....#§§§§#..#
#.....#§§☼☼#..#
#.....#§§§☼#..#
##....#§§§§#..#.....#
#.###.####....#..#......


P You could see Agnes (extremely poisoned, ally target) and the friendly Agnes
(summoned, extremely poisoned, drained).


Message History

Your claws stop glowing.
Agnes is engulfed in poison gas.
Agnes looks as sick as possible!
Agnes barely misses you.
Agnes is engulfed in poison gas.
Agnes looks as sick as possible!
Agnes misses Agnes.
You barely miss Agnes.
Agnes is moderately wounded.
Agnes is engulfed in poison gas.
Agnes looks as sick as possible!
You block Agnes's attack.
Agnes is engulfed in poison gas.
Agnes looks as sick as possible!
Agnes closely misses Agnes.
You miss Agnes.
Agnes is moderately wounded.
Agnes looks as sick as possible!
You block Agnes's attack.
Agnes looks as sick as possible!
Agnes completely misses Agnes.
You miss Agnes.
Agnes is moderately wounded.
You miss Agnes.
Agnes is moderately wounded.
Agnes is engulfed in poison gas.
Agnes looks as sick as possible!
Agnes hits you with a +6 vampiric lajatang!
* * * LOW HITPOINT WARNING * * *
Agnes looks as sick as possible!
Agnes closely misses Agnes.
You closely miss Agnes.
Agnes is moderately wounded.
Agnes is engulfed in poison gas.
Agnes looks as sick as possible!
Agnes hits you with a +6 vampiric lajatang!!
You die...

Skill      XL: |  1  2  3  4  5  6  7  8  9 10 11 12 13 14 |
---------------+-------------------------------------------+-----
Shields        | 2 4 6 8 9 |  9.0
Unarmed Combat | 1 2 3 4 5 6 9 10 12 14 16 17 19 20 | 20.1
Hexes          | 3 6 9 |  9.2
Spellcasting   | 2 4 |  4.9
Fighting       | 6 |  6.7
Armour         | 3 |  3.9
Throwing       | |  3.6
Dodging        | |  1.2
Summonings     | |  1.0

Action                   |  1- 3 |  4- 6 |  7- 9 | 10-12 | 13-15 || total
-------------------------+-------+-------+-------+-------+-------++-------
Melee: Dagger            |   170 |   176 |       |       |       ||   346
       Unarmed           |       |    93 |   344 |   540 |   891 ||  1868
Throw: Dart              |       |     2 |    11 |     4 |    25 ||    42
 Cast: Ensorcelled Hiber |       |       |       |     4 |    12 ||    16
       Confusing Touch   |       |       |       |       |     7 ||     7
Evoke: Wand              |       |       |       |     1 |    22 ||    23
       Phantom mirror    |       |       |       |       |     1 ||     1
  Use: Scroll            |     3 |    10 |    10 |     8 |    11 ||    42
       Potion            |     2 |     3 |     2 |     7 |    15 ||    29
 Stab: Paralysed         |       |     2 |     8 |    34 |    57 ||   101
       Sleeping          |       |       |     1 |     3 |     5 ||     9
       Distracted        |       |       |       |     1 |     1 ||     2
       Confused          |       |       |       |       |     6 ||     6
Armor: Robe              |    32 |    77 |    71 |    97 |   108 ||   385
       Acid dragon scale |       |       |       |       |    61 ||    61
Dodge: Dodged            |    60 |    83 |    94 |   168 |   247 ||   652
Block: Kite shield       |    53 |   115 |   169 |   264 |   485 ||  1086

Levels and vault maps discovered:
D:1:      onia_arrival_pyramid, layout_basic, dreamdust_princess_corridor
D:2:      layout_basic, uniq_terence
D:3:      layout_basic, basic_ecumenical_altar, uniq_robin
D:4:      layout_loops_corners, minmay_temple_entry_drinking_statues,
          kennysheep_small_spiral, fountainhead
D:5:      layout_cave_pools, uniq_prince_ribbit1
D:6:      layout_basic, overflow_temple_1_default,
          chequers_temple_overflow_statue_of_worship, serial_curves,
          eino_curves_01, eino_curves_01, portal_sewer_entry_b,
          serial_park_tiny_1, nicolae_figureground_pulse, uniq_pikel,
          uniq_duvessa
D:7:      layout_basic, serial_shops, shop
D:8:      layout_gridville, nicolae_wu_jian_immortal_techniques,
          kennysheep_mini, elyvilon_altar_4, nicolae_qazlal_style_of_elements
D:9:      layout_basic, david_lair_shrubbed
D:10:     layout_rooms, kennysheep_mini_moat, mainiacjoe_overflow_boulevard,
          serial_shops, nicolae_shop_trees
D:11:     minmay_statue_hallways, layout_loops_cross, kennysheep_generic_room_15
D:12:     minmay_weird_star, layout_basic, erik_orc_1, serial_shops, shop,
          jiyva_altar_1
D:13:     layout_basic, minmay_misc_feat_iff
D:14:     layout_gridville, grunt_vaults_entry_fortified, minmay_hedge_maze,
          st_stairs_11, nicolae_hexahallways, uniq_agnes
Temple:   nicolae_temple_god_jail
Lair:1:   layout_gridlike, infiniplex_staircase_pool, uniq_gastronok,
          uniq_harold
Lair:2:   layout_cave_pods, minmay_snake_entry_six_corridors,
          gauntlet_entry_generic
Lair:3:   nzn_winding_woodlands_medium [nzn_winding_woodlands_5x5_default,
          nzn_winding_woodlands_5x15_concentric,
          nzn_winding_woodlands_5x5_closed_star,
          nzn_winding_woodlands_5x5_checkerboard,
          nzn_winding_woodlands_center_lodge, nzn_winding_woodlands_5x5_cross,
          nzn_winding_woodlands_hourglass,
          nzn_winding_woodlands_5x15_pathside_ponds,
          nzn_winding_woodlands_5x5_default], layout_regular_city,
          minmay_swamp_entry_worms, chequers_serial_rivers_micro_a,
          lemuel_fruit_tree, grunt_megastairs_3
Lair:4:   layout_cellular_growth, nicolae_slime_entry_slimehenge,
          grunt_megastairs_4
Lair:5:   minmay_lair_end_frog_pond, layout_layer_cave
Orc:1:    layout_diamond_mine, nicolae_orc_crystal_geode, uniq_nergalle
Orc:2:    st_orc_town, layout_diamond_mine, minmay_shop_enchanted_jewellery,
          uniq_sonja

Notes
Turn   | Place    | Note
-------+----------+-------------------------------------------
     0 | D:1      | demibob the Troll Wanderer began the quest for the Orb.
     0 | D:1      | demibob set off with the following items: a +2 dagger, 4
                  | curare-tipped darts {=f}, a +0 kite shield, a scroll of
                  | teleportation {@r2}, a +0 robe; and the following spell
                  | memorised: Summon Small Mammal; and the following spells
                  | available to memorise: Call Canine Familiar.
     0 | D:1      | Reached XP level 1. HP: 16/16 MP: 1/1
   125 | D:1      | Reached skill level 2 in Shields
   125 | D:1      | Reached skill level 1 in Unarmed Combat
   159 | D:1      | Reached XP level 2. HP: 24/24 MP: 2/2
   578 | D:1      | Reached skill level 2 in Unarmed Combat
   916 | D:2      | Reached XP level 3. HP: 31/31 MP: 3/3
  1472 | D:2      | Noticed Terence
  1499 | D:2      | Killed Terence
  1500 | D:2      | Reached skill level 3 in Unarmed Combat
  1500 | D:2      | Reached XP level 4. HP: 34/39 MP: 4/4
  1750 | D:3      | Noticed Robin
  1794 | D:3      | Killed Robin
  1965 | D:3      | Found a faded altar of an unknown god.
  2340 | D:3      | Reached skill level 4 in Unarmed Combat
  2450 | D:3      | Reached XP level 5. HP: 43/45 MP: 5/5
  2930 | D:4      | Noticed an ogre
  2934 | D:4      | Killed an ogre
  2935 | D:4      | Reached skill level 5 in Unarmed Combat
  3194 | D:4      | Found a staircase to the Ecumenical Temple.
  3252 | Temple   | Entered the Ecumenical Temple
  3321 | Temple   | Became a worshipper of Uskayaw the Reveller
  3378 | D:4      | Reached * piety under Uskayaw
  3379 | D:4      | Reached XP level 6. HP: 53/53 MP: 6/6
  3910 | D:5      | Entered Level 5 of the Dungeon
  3985 | D:5      | Reached ** piety under Uskayaw
  4010 | D:5      | Reached *** piety under Uskayaw
  4013 | D:5      | Reached skill level 6 in Unarmed Combat
  4016 | D:5      | Reached **** piety under Uskayaw
  4035 | D:5      | Reached ***** piety under Uskayaw
  4160 | D:5      | Reached XP level 7. HP: 59/59 MP: 7/7
  4200 | D:5      | Reached skill level 7 in Unarmed Combat
  4279 | D:5      | Noticed Prince Ribbit
  4296 | D:5      | Killed Prince Ribbit
  4408 | D:5      | Reached skill level 8 in Unarmed Combat
  4533 | D:5      | Identified a scroll of acquirement
  4533 | D:5      | Acquired 708 gold pieces
  4613 | D:6      | Found a shimmering blue altar of Sif Muna.
  4614 | D:6      | Found a sacrificial altar of Ru.
  4639 | D:6      | Reached skill level 9 in Unarmed Combat
  4639 | D:6      | Reached XP level 8. HP: 57/67 MP: 8/8
  4675 | D:6      | Found a glowing drain.
  4691 | Sewer    | Entered a sewer
  5392 | D:6      | Reached skill level 3 in Shields
  5407 | D:6      | Found a basalt altar of Yredelemnul.
  5423 | D:6      | Noticed Pikel
  5457 | D:6      | Killed Pikel
  5458 | D:6      | Reached skill level 4 in Shields
  5458 | D:6      | Reached skill level 10 in Unarmed Combat
  5635 | D:6      | Noticed Duvessa
  5637 | D:6      | Noticed Dowan
  5645 | D:6      | Killed Duvessa
  5647 | D:6      | Killed Dowan
  5735 | D:6      | Reached XP level 9. HP: 74/74 MP: 9/9
  6220 | D:6      | Reached skill level 11 in Unarmed Combat
  6430 | D:7      | Found Uvuzeah's Armour Shoppe.
  6657 | D:7      | Reached skill level 5 in Shields
  7141 | D:8      | HP: 7/74 [poisoned by a killer bee]
  7146 | D:7      | HP: 7/74 [poisoned by a killer bee]
  7312 | D:8      | Reached skill level 12 in Unarmed Combat
  7357 | D:8      | Found an ornate altar of the Wu Jian Council.
  7374 | D:8      | Found a white marble altar of Elyvilon.
  7492 | D:8      | Reached skill level 6 in Shields
  7592 | D:8      | Found a bloodstained altar of Trog.
  7626 | D:8      | Found a stormy altar of Qazlal.
  7643 | D:8      | Identified the +7 mace of Histrionic Guile {freeze, Will+
                  | Str+4 Dex+4}
  8172 | D:9      | Reached XP level 10. HP: 47/81 MP: 10/10
  8796 | D:9      | Found a staircase to the Lair.
  8816 | D:9      | Reached skill level 13 in Unarmed Combat
  9235 | D:10     | Entered Level 10 of the Dungeon
  9392 | D:10     | Reached skill level 7 in Shields
  9482 | D:10     | Found Fabrach's Weapon Emporium.
  9518 | D:10     | Identified the +1 pair of gloves "Aleazamy" {rC+ Regen+
                  | Dex+3}
  9521 | D:10     | Found a radiant altar of Vehumet.
  9638 | D:10     | Found a glowing silver altar of Zin.
  9654 | D:11     | Noticed a gargoyle
  9657 | D:11     | Killed a gargoyle
  9841 | D:11     | Noticed a purple ugly thing
  9856 | D:11     | Killed a purple ugly thing
  9857 | D:11     | Reached skill level 14 in Unarmed Combat
 10119 | D:11     | Noticed an ice statue
 10631 | D:11     | Acquired a manual of Hexes
 10633 | D:11     | Acquired the amulet of Syugaw {Acrobat rF+ rC+ Dex+3}
 10695 | Lair:1   | Entered Level 1 of the Lair of Beasts
 10754 | Lair:1   | Reached skill level 8 in Shields
 10754 | Lair:1   | Reached XP level 11. HP: 88/88 MP: 11/11
 10890 | Lair:1   | Reached skill level 15 in Unarmed Combat
 11064 | Lair:1   | Noticed Harold
 11074 | Lair:1   | Killed Harold
 11410 | Lair:1   | Reached skill level 9 in Shields
 11474 | Lair:1   | Noticed Gastronok
 11491 | Lair:1   | Killed Gastronok
 11492 | Lair:1   | Reached skill level 16 in Unarmed Combat
 11762 | Lair:2   | Found a gate leading to a gauntlet.
 11771 | Gauntlet | Entered a Gauntlet
 11771 | Gauntlet | Found a transporter.
 11771 | Gauntlet | Found a large runed translucent door.
 11771 | Gauntlet | Found a large runed translucent door.
 11771 | Gauntlet | Found a large runed translucent door.
 11771 | Gauntlet | Found a large runed translucent door.
 11771 | Gauntlet | Found a runed translucent door.
 11771 | Gauntlet | Found a runed translucent door.
 11771 | Gauntlet | Found a large runed translucent door.
 11771 | Gauntlet | Found a large runed translucent door.
 11771 | Gauntlet | Found a large runed translucent door.
 11771 | Gauntlet | Found a large runed translucent door.
 11771 | Gauntlet | Found a large runed translucent door.
 11771 | Gauntlet | Found a large runed translucent door.
 11772 | Gauntlet | Found a large runed translucent door.
 11772 | Gauntlet | Found a large runed translucent door.
 11777 | Gauntlet | Noticed an entropy weaver
 11781 | Gauntlet | Found a transporter.
 11792 | Gauntlet | an entropy weaver changed into a shapeshifter
 11796 | Gauntlet | Found a transporter.
 11801 | Gauntlet | Found a transporter.
 11810 | Gauntlet | Noticed a green ugly thing
 11812 | Gauntlet | Noticed a purple ugly thing
 11813 | Gauntlet | Noticed a glowing orange brain
 11814 | Gauntlet | Noticed a glowing orange brain
 11816 | Gauntlet | Found a transporter.
 11831 | Gauntlet | a cyclops changed into a swamp dragon
 11831 | Gauntlet | Noticed a swamp dragon (glowing shapeshifter)
 11833 | Gauntlet | a swamp dragon changed into a redback
 11835 | Gauntlet | Found a transporter.
 11847 | Gauntlet | Found a transporter.
 11859 | Gauntlet | Found a transporter.
 11869 | Gauntlet | Noticed a large abomination
 11871 | Gauntlet | Found a transporter.
 11877 | Gauntlet | Found a transporter.
 11877 | Gauntlet | Found a transporter.
 11892 | Gauntlet | Found a transporter.
 11898 | Gauntlet | Found a transporter.
 11911 | Gauntlet | Noticed a reaper
 11939 | Gauntlet | Found a transporter.
 11958 | Gauntlet | Found a large runed translucent door.
 11959 | Gauntlet | Found a large runed translucent door.
 11963 | Gauntlet | Found a runed translucent gate.
 11963 | Gauntlet | Found a runed translucent gate.
 11963 | Gauntlet | Found a runed translucent gate.
 11965 | Gauntlet | Found a transporter.
 11967 | Gauntlet | Found a transporter.
 11973 | Gauntlet | Found a large runed translucent door.
 11974 | Gauntlet | Found a large runed translucent door.
 11987 | Gauntlet | Found a transporter.
 12012 | Gauntlet | Noticed a fire crab
 12015 | Gauntlet | a fire crab changed into a guardian serpent
 12053 | Gauntlet | Noticed a swamp dragon
 12065 | Gauntlet | Found a transporter.
 12107 | Gauntlet | a wind drake changed into a mana viper
 12107 | Gauntlet | Noticed a mana viper (glowing shapeshifter)
 12109 | Gauntlet | a swamp dragon changed into a manticore
 12117 | Gauntlet | a mana viper changed into a swamp worm
 12155 | Gauntlet | Noticed an entropy weaver
 12157 | Gauntlet | an entropy weaver changed into a spriggan
 12178 | Gauntlet | a spriggan changed into a harpy
 12178 | Gauntlet | Noticed a harpy (shapeshifter)
 12203 | Gauntlet | Reached skill level 1 in Hexes
 12208 | Gauntlet | a harpy changed into a queen bee
 12331 | Gauntlet | Identified the ring "Ditef" {rC++ MP+9 Int+6}
 12331 | Gauntlet | Noticed a minotaur
 12349 | Gauntlet | Killed a minotaur
 12350 | Gauntlet | Reached skill level 2 in Hexes
 12350 | Gauntlet | Found the +13 scythe of Curses {drain, Drain}
 12362 | Gauntlet | Identified a potion of resistance
 12572 | Lair:2   | Reached skill level 3 in Hexes
 12572 | Lair:2   | Reached XP level 12. HP: 66/96 MP: 12/12
 12600 | Lair:2   | Learned a level 2 spell: Ensorcelled Hibernation
 12780 | Lair:2   | Reached skill level 17 in Unarmed Combat
 12780 | Lair:2   | Reached skill level 4 in Hexes
 12868 | Lair:2   | Found a staircase to the Snake Pit.
 13138 | Lair:2   | Noticed a seven-headed hydra
 13145 | Lair:2   | Killed a ten-headed hydra
 13389 | Lair:2   | Reached skill level 5 in Hexes
 13682 | Lair:3   | Reached skill level 2 in Spellcasting
 13765 | Lair:3   | Reached skill level 6 in Hexes
 13834 | Lair:3   | Noticed a seven-headed hydra
 13845 | Lair:3   | Killed a nine-headed hydra
 13971 | Lair:3   | Reached ****** piety under Uskayaw
 14204 | Lair:3   | Reached XP level 13. HP: 102/102 MP: 16/16
 14209 | Lair:3   | Reached skill level 18 in Unarmed Combat
 14209 | Lair:3   | Reached skill level 3 in Spellcasting
 14227 | Lair:3   | Reached skill level 7 in Hexes
 14324 | Lair:3   | You fall into a shaft and drop 1 floor!
 14687 | Lair:4   | Found a staircase to the Slime Pits.
 14687 | Lair:4   | Found a viscous altar of Jiyva.
 15086 | Lair:4   | Identified the +1 chain mail "Eppydao" {-Tele Harm rElec
                  | SInv}
 15484 | Lair:3   | Found a staircase to the Swamp.
 15691 | Lair:3   | Found the +4 Cigotuvi's embrace {rMiasma Drain rN+}
 15942 | Lair:5   | Entered Level 5 of the Lair of Beasts
 16085 | Lair:5   | Reached skill level 8 in Hexes
 16091 | Lair:5   | Reached skill level 4 in Spellcasting
 16390 | Lair:5   | Reached skill level 9 in Hexes
 16521 | Lair:5   | Reached skill level 19 in Unarmed Combat
 16603 | Lair:5   | Reached XP level 14. HP: 97/110 MP: 20/20
 16946 | Lair:5   | Reached skill level 1 in Fighting
 17012 | Lair:5   | Identified the +5 short sword of the Onslaught {drain, rN+
                  | Stlth+}
 17298 | Lair:5   | Reached skill level 2 in Fighting
 17842 | D:12     | Found Tehown's Book Shoppe.
 17847 | D:12     | Bought a book of Touch for 308 gold pieces
 17851 | D:12     | Learned a level 3 spell: Confusing Touch
 18087 | D:12     | Found a viscous altar of Jiyva.
 18235 | D:12     | Reached skill level 3 in Fighting
 18267 | D:12     | Found a staircase to the Orcish Mines.
 18846 | D:12     | Identified the ring "Tedimmol" {Contam rF+ Str+6 Int+3
                  | Dex+2 Stlth+}
 18937 | D:12     | Identified the ring "Unuimuhe" {+Blink rPois rC- Int+4
                  | Dex+6 Slay+5}
 19013 | Orc:1    | Entered Level 1 of the Orcish Mines
 19015 | Orc:1    | Noticed Nergalle
 19044 | Orc:1    | Killed Nergalle
 19159 | Orc:1    | You fall into a shaft and drop 1 floor!
 19159 | Orc:2    | Entered Level 2 of the Orcish Mines
 19258 | Orc:2    | Found Kyreesk's Jewellery Shoppe.
 19350 | Orc:2    | Reached skill level 4 in Fighting
 19845 | D:13     | Reached skill level 20 in Unarmed Combat
 19890 | D:13     | Reached skill level 5 in Fighting
 20232 | D:13     | Identified the amulet "Daatyetrit" {Faith Int+9}
 20353 | D:13     | Reached skill level 1 in Armour
 20965 | D:14     | Acquired 885 gold pieces
 21400 | Orc:2    | Found a staircase to the Elven Halls.
 21406 | Orc:2    | Reached skill level 2 in Armour
 21501 | Orc:2    | Noticed Sonja
 21509 | Orc:2    | Killed Sonja
 21521 | Orc:2    | Found Fuywk's General Store.
 21521 | Orc:2    | Found Vouczuvi's Armour Boutique.
 21526 | Orc:2    | Reached skill level 6 in Fighting
 21632 | Orc:2    | Reached skill level 3 in Armour
 21796 | Orc:2    | Found Puoriep's Antique Weapon Boutique.
 21796 | Orc:2    | Found Uqiu's Magic Scroll Emporium.
 22198 | D:14     | Reached XP level 15. HP: 74/137 MP: 21/21
 22428 | D:14     | Noticed Agnes
 22453 | D:14     | HP: 9/208 [Agnes/+6 vampiric lajatang (17)]
 22454 | D:14     | Mangled by Agnes

Vanquished Creatures
  Gastronok (Lair:1)
  A minotaur (Gauntlet)
  Harold (Lair:1)
  4 hydras
  3 centaur warriors
  A boulder beetle (D:13)
  A catoblepas (Lair:3)
  3 two-headed ogres
  A death yak (Lair:3)
  An alligator (Lair:3)
  Nergalle (Orc:1)
  Sonja (Orc:2)
  4 skeletal warriors (D:14)
  3 orc knights
  3 ugly things
  Pikel (D:6)
  A deep elf pyromancer (D:12)
  A cyclops (D:13)
  7 orc sorcerers (Orc:2)
  A manticore (D:12)
  21 elephants
  4 black mambas
  25 cane toads
  3 gargoyles
  A kobold demonologist (D:14)
  A torpor snail (Lair:3)
  A yaktaur (shapeshifter) (Gauntlet)
  A komodo dragon (shapeshifter) (D:13)
  A rime drake (Lair:4)
  8 komodo dragons
  A tengu conjurer (D:13)
  7 trolls
  A queen bee (Gauntlet)
  3 tyrant leeches (Lair:5)
  Prince Ribbit (D:5)
  24 blink frogs
  5 dream sheep (Lair:5)
  A slime creature (D:12)
  3 shadows
  A wyvern (Lair:5)
  A wraith (D:13)
  71 yaks
  2 basilisks
  A steam dragon (D:9)
  15 vampire mosquitoes
  8 wargs
  4 swamp worms (Lair:3)
  Duvessa (D:6)
  19 water moccasins
  3 acid dragons
  A swamp drake (D:12)
  18 orc warriors
  2 ice beasts
  5 ogres
  14 wolves
  8 centaurs
  4 kobold brigands
  2 lemures (D:6)
  14 bullfrogs
  6 wights
  20 killer bees
  Dowan (D:6)
  2 electric eels (Lair:5)
  2 howler monkeys
  3 hounds
  A gnoll bouda (D:5)
  15 orc priests
  6 jellies
  4 iguanas
  Terence (D:2)
  35 orc wizards
  Robin (D:3)
  7 gnolls
  12 adders
  3 river rats
  3 ufetubi
  3 worms
  A dart slug (D:1)
  76 orcs
  11 bats
  10 endoplasms
  4 giant cockroaches
  13 goblins
  10 hobgoblins
  4 jackals
  22 kobolds
  5 quokkas
  8 ball pythons
  3 frilled lizards
  8 rats
646 creatures vanquished.

Vanquished Creatures (collateral kills)
  An ugly thing (D:12)
  2 orc priests (Orc:1)
  2 orcs (Orc:1)
5 creatures vanquished.

Vanquished Creatures (others)
  28 fungi
  95 plants
123 creatures vanquished.

Grand Total: 774 creatures vanquished

Table legend: (Time is in decaauts)
 A = Elapsed time spent in this place.
 B = Non-inter-level travel time spent in this place.
 C = Inter-level travel time spent in this place.
 D = Time resting spent in this place.
 E = Time spent auto-exploring this place.
 F = Levels seen in this place.
 G = Mean time per level.
                   A        B        C        D        E       F      G
               +--------+--------+--------+--------+--------+-----+--------+
         Total |  22104 |  20908 |   1196 |   1379 |  14828 |  24 |  921.0 |
       Dungeon |  13018 |  12327 |    691 |    702 |   9223 |  14 |  929.9 |
        Temple |     78 |     69 |      9 |      0 |     48 |   1 |   78.0 |
          Lair |   6304 |   5920 |    384 |    530 |   4073 |   5 | 1260.8 |
  Orcish Mines |   1450 |   1339 |    111 |    111 |    818 |   2 |  725.0 |
         Sewer |    674 |    674 |      0 |      6 |    389 |   1 |  674.0 |
      Gauntlet |    578 |    578 |      0 |     28 |    276 |   1 |  578.0 |
               +--------+--------+--------+--------+--------+-----+--------+

Top non-repeatable levels by time:
  Lair:5: 1555 daAuts
  Lair:3: 1314 daAuts
     D:9: 1308 daAuts
  Lair:2: 1303 daAuts
    D:12: 1233 daAuts
    D:13: 1219 daAuts
     D:3: 1145 daAuts
   Orc:2: 1124 daAuts
  Lair:4: 1105 daAuts
     D:6: 1077 daAuts
  Lair:1: 1025 daAuts
    D:11: 1025 daAuts
     D:4: 990 daAuts
     D:2: 921 daAuts
     D:7: 862 daAuts

Table legend:
 A = Non-vault XP
 B = Vault XP
 C = Vault XP percentage of total XP
 D = Non-vault monster count
 E = Vault monster count
 F = Vault count percentage of total count
                 A         B        C        D         E       F
            +---------+---------+-------+---------+---------+-------
      Total |   71166 |   35528 |  33.3 |     433 |     216 |  33.3
            +---------+---------+-------+---------+---------+-------
        D:1 |      33 |       0 |   0.0 |      18 |       0 |   0.0
        D:2 |      47 |      36 |  43.4 |      19 |       1 |   5.0
        D:3 |      46 |      36 |  43.9 |      14 |      12 |  46.2
        D:4 |     187 |       0 |   0.0 |      11 |       0 |   0.0
        D:5 |     523 |     283 |  35.1 |      15 |       1 |   6.2
        D:6 |     965 |     801 |  45.4 |      18 |       7 |  28.0
        D:7 |     907 |       0 |   0.0 |      26 |       0 |   0.0
        D:8 |    1125 |       0 |   0.0 |      10 |       0 |   0.0
        D:9 |    1685 |     378 |  18.3 |      22 |       1 |   4.3
       D:10 |     880 |       0 |   0.0 |       4 |       0 |   0.0
       D:11 |    2487 |     112 |   4.3 |      18 |       1 |   5.3
       D:12 |    4505 |     960 |  17.6 |      18 |      21 |  53.8
       D:13 |    8922 |       0 |   0.0 |      21 |       0 |   0.0
       D:14 |    4563 |    2218 |  32.7 |      11 |       3 |  21.4
     Lair:1 |    5406 |    2339 |  30.2 |      20 |       2 |   9.1
     Lair:2 |    7936 |    2312 |  22.6 |      23 |      11 |  32.4
     Lair:3 |    7386 |    6196 |  45.6 |      35 |      20 |  36.4
     Lair:4 |    2643 |     183 |   6.5 |      11 |       7 |  38.9
     Lair:5 |   15369 |   10351 |  40.2 |      52 |      37 |  41.6
      Orc:1 |    3356 |     783 |  18.9 |      37 |       1 |   2.6
      Orc:2 |    2195 |    6554 |  74.9 |      30 |      63 |  67.7
      Sewer |       0 |     125 | 100.0 |       0 |      22 | 100.0
   Gauntlet |       0 |    1861 | 100.0 |       0 |       6 | 100.0
            +---------+---------+-------+---------+---------+-------
